 Dungeon Crawl Stone Soup version 0.26.1-2-gb8aa6d0cf2 (webtiles) character file.

Game seed: 4594437839828190276

10788 H0rd4k the Slicer (level 11, 0/83 HPs)
             Began as a Human Artificer on Feb 18, 2021.
             Was an Initiate of Gozag.
             Slain by an unseen horror (6 damage)
             ... on level 11 of the Dungeon.
             The game lasted 00:32:37 (19502 turns).

H0rd4k the Slicer (Human Artificer)                Turns: 19502, Time: 00:32:38

Health: 0/83       AC: 12    Str: 14    XL:     11   Next: 99%
Magic:  20/20      EV: 16    Int: 13    God:    Gozag
Gold:   1067       SH:  0    Dex: 14    Spells: 10/10 levels left

rFire    . . .     SeeInvis .   C - +2 dagger (drain)
rCold    + + +     Faith    .   (no shield)
rNeg     . . .     Spirit   .   h - +2 leather armour {rC+}
rPois    .         Reflect  .   o - +0 helmet
rElec    +         Harm     .   k - +0 cloak
rCorr    .         Rampage  .   l - +2 pair of gloves
Will     .....                  E - +0 pair of boots of Protective Custody {rElec rC+}
Stlth    +++.......             (no amulet)
HPRegen  0.23/turn              K - ring of magical power
MPRegen  0.17/turn              u - ring of protection from cold

@: lethally poisoned (0 -> -2), gold aura
A: no striking features
a: Renounce Religion, Potion Petition, Call Merchant, Bribe Branch


You were on level 11 of the Dungeon.
You worshipped Gozag.
Gozag was most pleased with you.
You visited 2 branches of the dungeon, and saw 12 of its levels.

You collected 2149 gold pieces.
You spent 970 gold pieces at shops.
You paid 112 gold pieces to Gozag.

Inventory:

Hand Weapons
 i - a +1 dagger of flaming
 t - a +0 dagger of venom
 B - a +2 great sword of holy wrath
 C - a +2 dagger of draining (weapon)
Missiles
 f - 4 datura-tipped darts
 L - 30 poisoned darts
Armour
 d - the +1 robe "Fuhat" {+Fly rF++, unknown}
   (You found it on level 11 of the Dungeon)

   It greatly protects you from fire.
   It lets you fly.
 h - a +2 leather armour of cold resistance (worn)
 k - a +0 cloak (worn)
 l - a +2 pair of gloves (worn)
 o - a +0 helmet (worn)
 E - the +0 pair of boots of Protective Custody (worn) {rElec rC+}
   (You bought it in a shop on level 6 of the Dungeon)

   It protects you from cold.
   It insulates you from electricity.
Jewellery
 j - an uncursed ring of flight
 u - a ring of protection from cold (right hand)
 I - a +6 ring of dexterity
 K - a ring of magical power (left hand)
Wands
 a - a wand of flame (20)
 e - a wand of random effects (2) (quivered)
 q - a wand of disintegration (8)
 w - a wand of paralysis (4)
 y - a wand of iceblast (3)
 H - a wand of digging (9)
 M - a wand of acid (5)
Scrolls
 b - 6 scrolls of identify
 c - 6 scrolls of teleportation
 D - 2 scrolls of remove curse
 J - 2 scrolls of enchant weapon {unknown}
Potions
 g - 3 potions of heal wounds
 m - 2 potions of mutation
 n - 3 potions of haste
 p - 2 potions of might
 r - 5 potions of curing
 s - 4 potions of lignification
 v - 2 potions of magic {unknown}
 x - 3 potions of attraction {unknown}
 z - a potion of invisibility {unknown}
 A - 2 potions of resistance {unknown}
 F - a potion of cancellation {unknown}


   Skills:
 + Level 6.9 Fighting
 + Level 9.1(10.0) Short Blades
 + Level 6.4(8.7) Long Blades
 + Level 5.9 Armour
 + Level 7.5 Dodging
 + Level 7.8 Stealth
 + Level 5.2 Evocations


You had 10 spell levels left.
You didn't know any spells.
Your spell library contained the following spells:

 Spells                   Type           Power        Failure   Level
 Foxfire                  Conj/Fire      0%           36%         1
 Magic Dart               Conj           0%           36%         1
 Searing Ray              Conj           0%           50%         2
 Confusing Touch          Hex            0%           75%         3
 Conjure Flame            Conj/Fire      0%           75%         3
 Dazzling Flash           Conj/Hex       0%           75%         3
 Gell's Gravitas          Tloc           0%           75%         3
 Inner Flame              Hex/Fire       0%           75%         3
 Fulminant Prism          Conj/Hex       0%           98%         4
 Iskenderun's Mystic Bla  Conj/Tloc      0%           98%         4
 Petrify                  Tmut/Erth      0%           98%         4
 Sticky Flame             Conj/Fire      0%           98%         4
 Fireball                 Conj/Fire      0%           100%        5
 Metabolic Englaciation   Hex/Ice        0%           100%        5
 Yara's Violent Unravell  Hex/Tmut       0%           100%        5


Dungeon Overview and Level Annotations

Branches:
Dungeon (11/15)            Temple (1/1) D:5
   Lair: D:8-11         Orc: D:9-12

Altars:
Ashenzari
Cheibriados
Dithmenos
Elyvilon
Fedhas
Gozag
Hepliaklqana
Kikubaaqudgha
Makhleb
Nemelex Xobeh
Okawaru
Qazlal
Ru
Sif Muna
Trog
Uskayaw
Vehumet
Wu Jian
Xom
Yredelemnul
Zin
The Shining One

Shops:
D:6 *   D:7 *   D:9 (

Annotations:
D:6 1 runed translucent door, exclusions: door and upstairs, CryoSword's ghost, novice HOFE
D:7 exclusion: oklob plant
D:9 Erolcha
D:10 3 runed translucent doors, exclusions: 3 doors and 2 downstairs, kthxbai's ghost, journeyman FoEE
D:11 1 exclusion


Message History

You miss the water moccasin.
The water moccasin is heavily wounded.
You hit the water moccasin. You drain the water moccasin.
The water moccasin is almost dead.
The water moccasin closely misses you.
You hit the water moccasin.
The water moccasin is almost dead.
You feel sick. The water moccasin misses you.
You hit the water moccasin.
You kill the water moccasin!
Something hits you but does no damage.
You hit something. Something hits you!
* * * LOW HITPOINT WARNING * * *
You hit something.
You feel sick. Something hits you but does no damage.
The white imp gestures at you.
The puff of frost hits something.
Something hits you.
* * * LOW HITPOINT WARNING * * *
You hit something. Something hits you.
You die...
Your body crumbles into a pile of gold.

##..##...#.###[# ..
.##..#...## #.. ###
#..##.#...## ##. ##
##.#.#..# #
##.#..#.#.# ## ##
#.#.#.#$### ..# #.
.#....#$# ...## #.
##.#....$# .....
........@#####..?##
.
........##$.........
#.
..........5.........
..
.##.#....#..........
#.
..#.....#........##
#.
##.#.#..#..$.......
#. ##.#..
###$#....## #. # .#
#.##...# # #.
#........


You could see a white imp.

Vanquished Creatures
  A deep elf mage (D:11)
  An ugly thing (D:11)
  A manticore (D:7)
  2 kobold demonologists (D:11)
  A harpy zombie (D:10)
  A troll (D:10)
  A wraith (D:10)
  A wyvern (D:9)
  A shadow (D:11)
  10 yaks (D:10)
  A steam dragon (D:11)
  Menkaure (D:7)
  A water moccasin (D:11)
  2 ice beasts
  3 orc warriors
  3 sky beasts
  21 killer bees
  8 ogres
  A necrophage (D:8)
  6 centaurs
  2 big kobolds
  8 bullfrogs
  2 scorpions (D:6)
  8 worker ants
  5 wights (D:9)
  3 howler monkeys
  5 centaur zombies
  5 jellies
  3 orc priests
  6 orc wizards
  4 centaur skeletons
  A gnoll shaman (D:8)
  3 bullfrog skeletons
  9 hounds
  3 iguanas
  2 hell rats (D:8)
  A hound zombie (D:7)
  Robin (D:2)
  13 gnolls
  2 howler monkey skeletons (D:7)
  7 river rats (D:8)
  15 adders
  A shadow imp (D:9)
  15 white imps
  3 ufetubi
  An ooze (D:6)
  4 worms
  2 dart slugs
  3 leopard geckos
  30 orcs
  2 ball pythons (D:3)
  5 giant cockroaches
  19 goblins
  8 hobgoblins
  11 jackals
  13 quokkas
  8 bats
  7 frilled lizards
  A giant cockroach zombie (D:6)
  17 kobolds
  A leopard gecko skeleton (D:4)
  2 quokka skeletons
  22 rats
350 creatures vanquished.

Vanquished Creatures (collateral kills)
  An ogre (D:4)
  A killer bee (D:10)
  An orc wizard (D:10)
  3 orcs
  A goblin (D:2)
  3 jackals (D:4)
  A kobold (D:2)
11 creatures vanquished.

Vanquished Creatures (others)
  A killer bee (D:10)
  A jelly (D:5)
  A hound (D:5)
  5 plants (D:11)
8 creatures vanquished.

Grand Total: 369 creatures vanquished

Notes
Turn   | Place    | Note
-------+----------+-------------------------------------------
     0 | D:1      | H0rd4k the Human Artificer began the quest for the Orb.
     0 | D:1      | Reached XP level 1. HP: 15/15 MP: 1/1
   141 | D:1      | Reached XP level 2. HP: 12/21 MP: 2/2
   915 | D:1      | Reached XP level 3. HP: 26/26 MP: 3/3
  1541 | D:2      | Noticed Robin
  1557 | D:2      | Reached skill level 1 in Short Blades
  2017 | D:2      | Reached XP level 4. HP: 32/32 MP: 4/4
  2107 | D:2      | Found a stormy altar of Qazlal.
  2117 | D:2      | Found a shadowy altar of Dithmenos.
  2117 | D:2      | Found a broken altar of Ashenzari.
  2196 | D:2      | Found a sacrificial altar of Ru.
  2251 | D:2      | Killed Robin
  2685 | D:2      | Reached XP level 5. HP: 37/38 MP: 5/5
  2890 | D:2      | Reached skill level 2 in Short Blades
  2962 | D:2      | Found a shimmering blue altar of Sif Muna.
  3031 | D:2      | Found a burning altar of Makhleb.
  3665 | D:3      | You fall into a shaft and drop 1 floor!
  3842 | D:4      | Found a snail-covered altar of Cheibriados.
  3881 | D:4      | Noticed an ogre
  3901 | D:4      | Noticed an ogre
  3917 | D:4      | Killed an ogre
  3918 | D:4      | Reached XP level 6. HP: 17/45 MP: 6/6
  5116 | D:4      | Killed an ogre
  5117 | D:4      | Reached skill level 3 in Short Blades
  5317 | D:4      | Reached XP level 7. HP: 14/51 MP: 7/7
  6169 | D:5      | Entered Level 5 of the Dungeon
  6204 | D:5      | Reached skill level 4 in Short Blades
  6211 | D:5      | Found an iron altar of Okawaru.
  6744 | D:6      | Reached XP level 8. HP: 31/58 MP: 8/8
  6933 | D:6      | Found a runed translucent door.
  6933 | D:6      | Noticed CryoSword's ghost (novice HOFE)
  7207 | D:6      | Found a white marble altar of Elyvilon.
  7616 | D:6      | Reached skill level 5 in Short Blades
  8163 | D:6      | Found Yruylori's Assorted Antiques.
  8488 | D:5      | Found a staircase to the Ecumenical Temple.
  8538 | Temple   | Entered the Ecumenical Temple
  8641 | Temple   | Became a worshipper of Gozag Ym Sagoz the Greedy
  8989 | D:6      | Found an ornate altar of the Wu Jian Council.
  9330 | D:6      | Reached XP level 9. HP: 52/65 MP: 9/9
  9449 | D:6      | Reached skill level 6 in Short Blades
  9667 | D:6      | Bought a pair of spiked boots for 228 gold pieces
  9672 | D:6      | Identified the +0 pair of boots of Protective Custody
                  | {rElec rC+} (You bought it in a shop on level 6 of the
                  | Dungeon)
  9751 | D:7      | Noticed an oklob plant
 10272 | D:7      | Reached skill level 5 in Stealth
 10339 | D:7      | Noticed a manticore
 10351 | D:7      | Killed a manticore
 10472 | D:7      | Reached skill level 5 in Dodging
 10479 | D:7      | Reached skill level 7 in Short Blades
 10993 | D:7      | Found a sparkling altar of Nemelex Xobeh.
 11179 | D:7      | Noticed Menkaure
 11187 | D:7      | Killed Menkaure
 11188 | D:7      | Reached XP level 10. HP: 72/73 MP: 10/10
 11217 | D:7      | Reached skill level 5 in Fighting
 11257 | D:7      | Found Zued's Assorted Antiques.
 11361 | D:7      | Found an ancient bone altar of Kikubaaqudgha.
 11371 | D:7      | Found a broken altar of Ashenzari.
 11855 | D:8      | Reached skill level 5 in Armour
 11866 | D:8      | Reached skill level 1 in Long Blades
 12327 | D:8      | Found a broken altar of Ashenzari.
 12698 | D:8      | Found a blossoming altar of Fedhas.
 13557 | D:7      | Bought a small wooden ring for 165 gold pieces
 13557 | D:7      | Bought a scroll labelled COAZXA JERE for 33 gold pieces
 13557 | D:7      | Bought a pair of glowing boots for 247 gold pieces
 13557 | D:7      | Bought a glowing copper wand for 132 gold pieces
 13597 | D:7      | Bought a golden ring for 165 gold pieces
 14074 | D:9      | Noticed Erolcha
 14211 | D:9      | Found a hide-covered altar of Uskayaw.
 14789 | D:9      | Found Celeije's Antique Weapon Emporium.
 15218 | D:10     | Entered Level 10 of the Dungeon
 15614 | D:10     | Reached skill level 8 in Short Blades
 15614 | D:10     | Reached XP level 11. HP: 48/81 MP: 11/11
 16261 | D:10     | Found a runed translucent gate.
 16261 | D:10     | Found a runed translucent gate.
 16261 | D:10     | Found a runed translucent gate.
 16261 | D:10     | Noticed kthxbai's ghost (journeyman FoEE)
 16723 | D:10     | Reached skill level 5 in Long Blades
 16723 | D:10     | Reached skill level 5 in Evocations
 17871 | D:11     | Got a heavily jewelled robe
 18115 | D:11     | Noticed a deep elf mage
 18135 | D:11     | Killed a deep elf mage
 18899 | D:11     | Noticed a green ugly thing
 18901 | D:11     | Reached skill level 9 in Short Blades
 19201 | D:11     | Killed a green ugly thing
 19502 | D:11     | Slain by an unseen horror

Illustrated notes

Levels and vault maps discovered:
D:1:      dpeg_arrival_water_temple_mockup, layout_basic, st_stairs_4,
          grunt_decor_junction
D:2:      layout_loops_corners, overflow_temple_1_default, led_sif_pool,
          lemuel_crystal_altar, grunt_temple_overflow_open,
          nicolae_ru_sacrificial_ziggurat, uniq_robin
D:3:      layout_basic
D:4:      layout_loops_cross, kennysheep_slug_shrine
D:5:      layout_cave_pools, old_standard_altar,
          minmay_temple_entry_drinking_statues, kennysheep_flooded_box,
          minmay_checkerbox
D:6:      layout_loops_corners, kennysheep_mini_moat, elyvilon_altar_5,
          hellmonk_ghost_happy_afterlife, kennysheep_small_circle
D:7:      lemuel_slime, layout_loops_ring, nemelex_xobeh_ov_fountains_minmay,
          general_overflow_altar, serial_shops, shop_fountains,
          cheibrodos_ashenzari_chains, uniq_menkaure
D:8:      lemuel_ratsnest, layout_basic, basic_altar, grunt_ministairs_15,
          fedhas_altar_fruit_tree
D:9:      layout_gridville, kennysheep_little_box, serial_shops, shop,
          uniq_erolcha
D:10:     layout_basic, gammafunk_ghost_split, serial_rivers,
          chequers_serial_rivers_large_b, chequers_serial_rivers_small_3,
          chequers_serial_rivers_small_b, chequers_serial_rivers_micro_c,
          chequers_serial_rivers_micro_b
D:11:     regret_index_bee_streams, layout_loops_cross, dpeg_lair_monsters,
          portal_ice_cave_entry_imps
Temple:   eino_temple_lava

Skill      XL: |  1  2  3  4  5  6  7  8  9 10 11 |
---------------+----------------------------------+-----
Short Blades   | 1 2 3 4 5 7 8 9 |  9.1
Fighting       | 2 3 4 5 6 |  6.9
Evocations     | 4 5 |  5.2
Dodging        | 2 4 5 6 7 |  7.5
Stealth        | 2 3 5 6 7 |  7.8
Armour         | 3 4 5 |  5.9
Long Blades    | 4 6 |  6.4

Action                   |  1- 3 |  4- 6 |  7- 9 | 10-12 || total
-------------------------+-------+-------+-------+-------++-------
Melee: Short sword       |   192 |   290 |   310 |       ||   792
       Dagger            |       |       |   334 |   938 ||  1272
       Great sword       |       |       |     7 |   159 ||   166
Evoke: Wand              |     1 |    25 |    21 |    16 ||    63
  Use: Scroll            |       |     6 |    13 |     4 ||    23
       Potion            |       |       |     2 |     1 ||     3
 Stab: Sleeping          |     1 |     3 |     2 |    16 ||    22
       Confused          |       |     2 |       |       ||     2
       Paralysed         |       |       |     6 |     1 ||     7
       Distracted        |       |       |     3 |     5 ||     8
Armor: Leather armour    |    67 |    88 |   180 |   246 ||   581
Dodge: Dodged            |   128 |   163 |   366 |   613 ||  1270
       Rpst.: Great sword |       |       |     1 |    33 ||    34
